[Event "FICS rated blitz game"]
[Site "FICS freechess.org"]
[FICSGamesDBGameNo "20003115"]
[White "madparrot"]
[Black "jjsmith"]
[WhiteElo "1130"]
[BlackElo "1060"]
[WhiteRD "na"]
[BlackRD "na"]
[TimeControl "180+12"]
[Date "1999.10.26"]
[Time "18:46:00"]
[WhiteClock "0:03:00.000"]
[BlackClock "0:03:00.000"]
[ECO "C57"]
[PlyCount "65"]
[Result "1-0"]

1. e4 e5 2. Nf3 Nc6 3. Bc4 Nf6 4. Ng5 Qe7 5. Bxf7+ Kd8 6. Bb3 Nd4 7. Nf7+ Ke8 8. Nxh8 Nxe4 9. d3 Nxb3 10. axb3 Nf6 11. O-O g6 12. Bg5 Qg7 13. Nxg6 Qxg6 14. Bxf6 Qxf6 15. Qh5+ Qf7 16. Qxe5+ Kd8 17. Re1 Bb4 18. c3 Be7 19. Ra4 d6 20. Qh8+ Bf8 21. Ree4 Bd7 22. Rf4 Qe7 23. Rxf8+ Be8 24. Rxe8+ Qxe8 25. Qxe8+ Kxe8 26. Kf1 b5 27. Rh4 a5 28. Rxh7 Ra7 29. Nd2 a4 30. bxa4 Rxa4 31. Rxc7 Ra1+ 32. Ke2 Kd8 33. Rg7 {Black resigns} 1-0

[Event "FICS rated lightning game"]
[Site "FICS freechess.org"]
[FICSGamesDBGameNo "20003114"]
[White "Solis"]
[Black "panSerge"]
[WhiteElo "1752"]
[BlackElo "1823"]
[WhiteRD "na"]
[BlackRD "na"]
[TimeControl "60+0"]
[Date "1999.10.26"]
[Time "18:20:00"]
[WhiteClock "0:01:00.000"]
[BlackClock "0:01:00.000"]
[ECO "D85"]
[PlyCount "79"]
[Result "1-0"]

1. d4 Nf6 2. c4 g6 3. Nc3 d5 4. cxd5 Nxd5 5. e4 Nxc3 6. bxc3 Bg7 7. Nf3 c5 8. Be3 Nc6 9. Rb1 O-O 10. Bc4 cxd4 11. cxd4 Qa5+ 12. Qd2 Qxd2+ 13. Nxd2 Nxd4 14. Bxd4 Bxd4 15. O-O b6 16. Bd5 Rb8 17. Nf3 Bc5 18. a4 e6 19. Bc6 Bb7 20. Bxb7 Rxb7 21. Rfd1 Rc7 22. Ne5 Rfc8 23. Kf1 Kg7 24. f3 f6 25. Nd3 Be7 26. h3 Rd7 27. Nb2 Rxd1+ 28. Rxd1 Rc2 29. Nd3 Ra2 30. Nf4 Kf7 31. Rd7 Rxa4 32. Rb7 Ra5 33. Nd3 b5 34. Nb4 a6 35. Nc6 Ra1+ 36. Kf2 Ra2+ 37. Kg3 Rc2 38. Rxe7+ Kf8 39. Rc7 b4 40. Rc8+ {Black forfeits on time} 1-0

[Event "FICS rated blitz game"]
[Site "FICS freechess.org"]
[FICSGamesDBGameNo "20003113"]
[White "cheif"]
[Black "ivon"]
[WhiteElo "1576"]
[BlackElo "1672"]
[WhiteRD "na"]
[BlackRD "na"]
[TimeControl "120+12"]
[Date "1999.10.26"]
[Time "17:05:00"]
[WhiteClock "0:02:00.000"]
[BlackClock "0:02:00.000"]
[ECO "C40"]
[PlyCount "84"]
[Result "0-1"]

1. e4 e5 2. Nf3 f5 3. d4 fxe4 4. Nxe5 Nf6 5. Bg5 d5 6. Be2 Bd6 7. O-O O-O 8. c4 c6 9. Nc3 Be6 10. cxd5 cxd5 11. f4 exf3 12. Bxf3 Nc6 13. Bxf6 Rxf6 14. Nxd5 Rxf3 15. Qxf3 Bxe5 16. dxe5 Nxe5 17. Qe4 Qxd5 18. Qxd5 Bxd5 19. Rac1 Nc6 20. a3 Re8 21. Rfd1 Be6 22. Rd6 Kf7 23. b4 Bb3 24. b5 Ne5 25. b6 axb6 26. Rxb6 Bd5 27. Rc5 Bc6 28. a4 Nd7 29. Rf5+ Ke6 30. Rxc6+ bxc6 31. Rf3 Ra8 32. Re3+ Kf7 33. Re4 Nc5 34. Rc4 Ra5 35. Kf2 Ke6 36. Ke3 Kd6 37. Rd4+ Ke5 38. Rh4 h6 39. Rh5+ Kd6 40. Rh4 Rxa4 41. Rd4+ Rxd4 42. Kxd4 Ne6+ {White resigns} 0-1

[Event "FICS rated standard game"]
[Site "FICS freechess.org"]
[FICSGamesDBGameNo "20003112"]
[White "Szabi"]
[Black "tepid"]
[WhiteElo "1600"]
[BlackElo "1530"]
[WhiteRD "na"]
[BlackRD "na"]
[TimeControl "600+12"]
[Date "1999.10.26"]
[Time "16:03:00"]
[WhiteClock "0:10:00.000"]
[BlackClock "0:10:00.000"]
[ECO "B10"]
[PlyCount "59"]
[Result "1-0"]

1. e4 c6 2. Nf3 d5 3. exd5 cxd5 4. Be2 Nf6 5. h3 Nbd7 6. O-O e5 7. Re1 a6 8. Bf1 Bd6 9. d4 e4 10. Nc3 O-O 11. Nd2 b6 12. Nb3 Bb7 13. Bg5 Re8 14. a3 Nf8 15. Ne2 Ng6 16. Ng3 h6 17. Be3 Bc8 18. c4 Qc7 19. cxd5 Bxg3 20. fxg3 Nxd5 21. Bf4 Ngxf4 22. gxf4 Qxf4 23. Nd2 Qe3+ 24. Rxe3 Nxe3 25. Qe2 Nf5 26. Nc4 b5 27. Ne5 Bb7 28. Qh5 g6 29. Nxg6 f6 30. Qxf5 {Black resigns} 1-0

[Event "FICS rated blitz game"]
[Site "FICS freechess.org"]
[FICSGamesDBGameNo "20003111"]
[White "winifab"]
[Black "TheOnlyOne"]
[WhiteElo "1965"]
[BlackElo "1996"]
[WhiteRD "na"]
[BlackRD "na"]
[TimeControl "180+0"]
[Date "1999.10.26"]
[Time "15:57:00"]
[WhiteClock "0:03:00.000"]
[BlackClock "0:03:00.000"]
[ECO "C38"]
[PlyCount "75"]
[Result "1-0"]

1. e4 e5 2. f4 exf4 3. Nf3 g5 4. Bc4 Bg7 5. h4 h6 6. d4 d6 7. Nc3 g4 8. Ng1 Nc6 9. Bxf4 Nxd4 10. Qd2 Be6 11. Bd5 Bxd5 12. exd5 Qe7+ 13. Kf2 O-O-O 14. Re1 Qd7 15. Ne4 f5 16. Ng3 Ne7 17. c3 Nxd5 18. cxd4 Nxf4 19. Qxf4 Qf7 20. Qxf5+ Qxf5+ 21. Nxf5 Rhf8 22. Kg3 Rxf5 23. Kxg4 Rf2 24. g3 Rdf8 25. Nh3 Rxb2 26. d5 Rxa2 27. Re7 Be5 28. Rc1 Ra4+ 29. Kh5 c5 30. dxc6 bxc6 31. Rxc6+ Kd8 32. Rb7 Bxg3 33. Kxh6 Rxh4+ 34. Kg7 Rhh8 35. Rcc7 Rhg8+ 36. Kh6 Rf6+ 37. Kh5 Rgg6 38. Rd7+ {Black forfeits on time} 1-0

[Event "FICS rated blitz game"]
[Site "FICS freechess.org"]
[FICSGamesDBGameNo "20003109"]
[White "SilverEye"]
[Black "TundraWalker"]
[WhiteElo "1155"]
[BlackElo "1488"]
[WhiteRD "na"]
[BlackRD "na"]
[TimeControl "120+12"]
[Date "1999.10.26"]
[Time "15:26:00"]
[WhiteClock "0:02:00.000"]
[BlackClock "0:02:00.000"]
[ECO "C50"]
[PlyCount "116"]
[Result "0-1"]

1. e4 e5 2. Nf3 Nc6 3. Bc4 Be7 4. d4 exd4 5. Nxd4 d6 6. Bb5 Bd7 7. Nc3 Nxd4 8. Bxd7+ Qxd7 9. Qxd4 Nf6 10. O-O O-O 11. f4 Rfe8 12. Nd5 c6 13. Nxf6+ Bxf6 14. e5 Be7 15. exd6 Qxd6 16. Qxd6 Bxd6 17. Kh1 Re2 18. c3 Rae8 19. g3 f5 20. b4 Rc2 21. Ba3 Ree2 22. Rfd1 Rxh2+ 23. Kg1 Rhd2 24. Rxd2 Rxd2 25. c4 Rd3 26. Bb2 Rxg3+ 27. Kf2 Bxf4 28. Rd1 h5 29. Bc1 Be5 30. Rd7 h4 31. Re7 Bd4+ 32. Ke2 h3 33. Rxb7 h2 34. Bf4 Rg2+ 35. Kd3 h1=Q 36. Kxd4 Rg4 37. Ke5 Qe4+ 38. Kd6 Rxf4 39. c5 Qd5+ 40. Kc7 Re4 41. Rxa7 Re7+ 42. Kb6 Rxa7 43. Kxa7 Qxa2+ 44. Kb6 Qa4 45. Kc7 f4 46. Kd6 f3 47. b5 Qxb5 48. Ke5 f2 49. Kd6 f1=Q 50. Kd7 g6 51. Kd6 g5 52. Ke5 g4 53. Kd4 g3 54. Kc3 g2 55. Kc2 g1=Q 56. Kc3 Qfc4+ 57. Kd2 Qgd4+ 58. Ke1 Qb1# {White checkmated} 0-1

[Event "FICS rated blitz game"]
[Site "FICS freechess.org"]
[FICSGamesDBGameNo "20003108"]
[White "tjosan"]
[Black "Fro"]
[WhiteElo "1286"]
[BlackElo "1198"]
[WhiteRD "na"]
[BlackRD "na"]
[TimeControl "60+8"]
[Date "1999.10.26"]
[Time "14:50:00"]
[WhiteClock "0:01:00.000"]
[BlackClock "0:01:00.000"]
[ECO "C36"]
[PlyCount "90"]
[Result "0-1"]

1. e4 e5 2. f4 exf4 3. Nf3 d5 4. exd5 Qxd5 5. Nc3 Qd6 6. d4 Bg4 7. Bxf4 Qxf4 8. Nd5 Qe4+ 9. Qe2 Qxe2+ 10. Bxe2 Bxf3 11. Bxf3 Na6 12. b4 O-O-O 13. b5 Nb4 14. O-O Nxd5 15. Bxd5 Rxd5 16. Rxf7 Nf6 17. c3 Rxb5 18. Re1 b6 19. g4 h6 20. h4 Nxg4 21. Re8+ Kb7 22. Rfxf8 Rxf8 23. Rxf8 Rb2 24. Rf7 g5 25. hxg5 hxg5 26. Rg7 Rxa2 27. Rxg5 Ra1+ 28. Kg2 Ne3+ 29. Kf3 Nc4 30. Ke4 Rc1 31. Kd3 Nb2+ 32. Kd2 Rh1 33. Rb5 Rh2+ 34. Kc1 Nd3+ 35. Kb1 a6 36. Rb3 a5 37. d5 Ne5 38. Ka1 a4 39. Rb4 a3 40. Rb3 Nc4 41. Rb4 Ne3 42. Rb3 a2 43. c4 Nxc4 44. Rb5 Ka6 45. Rb3 b5 {White resigns} 0-1

[Event "FICS rated blitz game"]
[Site "FICS freechess.org"]
[FICSGamesDBGameNo "20003106"]
[White "Battlestar"]
[Black "Checkout"]
[WhiteElo "1450"]
[BlackElo "1537"]
[WhiteRD "na"]
[BlackRD "na"]
[TimeControl "120+12"]
[Date "1999.10.26"]
[Time "14:30:00"]
[WhiteClock "0:02:00.000"]
[BlackClock "0:02:00.000"]
[ECO "C13"]
[PlyCount "78"]
[Result "0-1"]

1. e4 e6 2. d4 d5 3. Nc3 Nf6 4. Bg5 Be7 5. e5 Nfd7 6. h4 a6 7. Qg4 Rg8 8. Bd3 h6 9. Bxh6 f5 10. exf6 Nxf6 11. Qg6+ Kf8 12. Nf3 Qe8 13. Qxe8+ Kxe8 14. Bg6+ Kf8 15. Bg5 Nbd7 16. h5 Ne4 17. Bh6 gxh6 18. Nxe4 dxe4 19. Bxe4 Rxg2 20. O-O-O Rg4 21. Bg6 Bg5+ 22. Kb1 Nf6 23. Ne5 Ne4 24. f3 Nf2 25. fxg4 Nxh1 26. Rxh1 Kg7 27. Rf1 Bf6 28. Kc1 c5 29. c3 cxd4 30. cxd4 b5 31. Be4 Ra7 32. Nc6 Rf7 33. Ne5 Bg5+ 34. Kc2 Rxf1 35. Bf3 Bf4 36. Be2 Rf2 37. Kd3 Bxe5 38. dxe5 Bb7 39. Ke3 Rh2 {White resigns} 0-1

[Event "FICS rated lightning game"]
[Site "FICS freechess.org"]
[FICSGamesDBGameNo "20003105"]
[White "Opin"]
[Black "ArtoSa"]
[WhiteElo "1679"]
[BlackElo "1708"]
[WhiteRD "na"]
[BlackRD "na"]
[TimeControl "60+0"]
[Date "1999.10.26"]
[Time "14:09:00"]
[WhiteClock "0:01:00.000"]
[BlackClock "0:01:00.000"]
[ECO "B07"]
[PlyCount "73"]
[Result "1-0"]

1. e4 e6 2. d4 d6 3. Nc3 Ne7 4. Nf3 Ng6 5. Bd3 Be7 6. O-O O-O 7. Qe2 f5 8. e5 f4 9. h3 Qe8 10. Re1 Nc6 11. d5 Ncxe5 12. Nxe5 Nxe5 13. dxe6 Bxe6 14. Ne4 Bd5 15. Nc3 Rf6 16. Nxd5 Rg6 17. Nxe7+ Qxe7 18. Bxg6 hxg6 19. Qe4 Qg5 20. Bxf4 Qf6 21. Bxe5 dxe5 22. Qxe5 Qxe5 23. Rxe5 Rc8 24. Rae1 Kf7 25. Re7+ Kf6 26. Rd7 Kf5 27. Ree7 g5 28. Rf7+ Ke6 29. Rxg7 c6 30. Rxb7 Kd5 31. Rgd7+ Kc5 32. Rg7 a5 33. Rxg5+ Kd6 34. Rxa5 Re8 35. Raa7 Re1+ 36. Kh2 Re2 37. Kg3 {Black forfeits on time} 1-0

[Event "FICS rated blitz game"]
[Site "FICS freechess.org"]
[FICSGamesDBGameNo "20003104"]
[White "PanJacek"]
[Black "gabriela"]
[WhiteElo "1497"]
[BlackElo "1463"]
[WhiteRD "na"]
[BlackRD "na"]
[TimeControl "120+12"]
[Date "1999.10.26"]
[Time "14:01:00"]
[WhiteClock "0:02:00.000"]
[BlackClock "0:02:00.000"]
[ECO "B03"]
[PlyCount "112"]
[Result "1/2-1/2"]

1. e4 Nf6 2. e5 Nd5 3. d4 d6 4. f4 dxe5 5. fxe5 Bf5 6. Nf3 e6 7. Bd3 Bg4 8. O-O Be7 9. c3 Nc6 10. Nbd2 Ne3 11. Qe2 Nxf1 12. Nxf1 Qd7 13. Ne3 Bh5 14. Bd2 Bxf3 15. Qxf3 Nxe5 16. Qxb7 O-O 17. Qe4 Nxd3 18. Qxd3 Bg5 19. Qe2 Rab8 20. b3 Bxe3+ 21. Bxe3 f5 22. Rf1 a5 23. Bf4 Rbe8 24. Be5 a4 25. b4 c6 26. a3 Qd5 27. Qf3 Qxf3 28. Rxf3 g5 29. h4 h6 30. hxg5 hxg5 31. Rh3 Kf7 32. Rh7+ Kg6 33. Rc7 Rc8 34. Ra7 Ra8 35. Re7 Rae8 36. Rc7 Rc8 37. Re7 Rfe8 38. Ra7 Ra8 39. Rc7 Ra6 40. Kf2 f4 41. Kf3 Kf5 42. c4 g4+ 43. Kf2 Rf8 44. Bd6 Rf6 45. Be5 Rh6 46. Rf7+ Ke4 47. Rxf4+ Kd3 48. c5 Rg6 49. g3 Kc3 50. Re4 Kb2 51. Re3 Kc2 52. Re2+ Kb3 53. Re3+ Kc2 54. Re2+ Kb3 55. Re3+ Kc2 56. Re2+ Kb3 {Game drawn by repetition} 1/2-1/2

[Event "FICS rated blitz game"]
[Site "FICS freechess.org"]
[FICSGamesDBGameNo "20003103"]
[White "erikz"]
[Black "bbcoach"]
[WhiteElo "1219"]
[BlackElo "984"]
[WhiteRD "na"]
[BlackRD "na"]
[TimeControl "300+12"]
[Date "1999.10.26"]
[Time "13:58:00"]
[WhiteClock "0:05:00.000"]
[BlackClock "0:05:00.000"]
[ECO "D06"]
[PlyCount "55"]
[Result "1-0"]

1. d4 d5 2. c4 Nf6 3. Nc3 Bf5 4. Bg5 e6 5. Nf3 Be7 6. Qa4+ Nc6 7. Ne5 O-O 8. Bxf6 Nxd4 9. Bxe7 Qxe7 10. O-O-O Qg5+ 11. e3 Nc2 12. cxd5 Nxe3 13. f4 Qg4 14. h3 Qg3 15. Bd3 Nxd1 16. Qxd1 Qxf4+ 17. Qd2 Qxe5 18. Bxf5 exf5 19. Re1 Qf6 20. Rf1 Rad8 21. Ne4 Qe5 22. Re1 Rxd5 23. Nf6+ Qxf6 24. Qxd5 Qg5+ 25. Kb1 Rd8 26. h4 Qxh4 27. Qe5 Qf6 28. Qe8+ {Black resigns} 1-0

[Event "FICS rated blitz game"]
[Site "FICS freechess.org"]
[FICSGamesDBGameNo "20003102"]
[White "crazycapablanca"]
[Black "Cavemon"]
[WhiteElo "1321"]
[BlackElo "1405"]
[WhiteRD "na"]
[BlackRD "na"]
[TimeControl "300+0"]
[Date "1999.10.26"]
[Time "13:37:00"]
[WhiteClock "0:05:00.000"]
[BlackClock "0:05:00.000"]
[ECO "C34"]
[PlyCount "80"]
[Result "1/2-1/2"]

1. e4 e5 2. f4 exf4 3. Nf3 Nc6 4. d4 d6 5. Bxf4 Bg4 6. Bc4 Nf6 7. c3 Nxe4 8. O-O d5 9. Bb3 Be7 10. Re1 O-O 11. Qd3 Na5 12. Ne5 Be6 13. Nd2 Nxd2 14. Bxd2 Nxb3 15. axb3 c5 16. Qg3 Bh4 17. Qf3 Bxe1 18. Rxe1 cxd4 19. cxd4 Rc8 20. Qg3 f6 21. Bh6 Rc7 22. Nf3 Qd7 23. Rxe6 Qxe6 24. Qxc7 gxh6 25. Qg3+ Kh8 26. Qf2 Re8 27. h3 Qb6 28. Nd2 Re4 29. Nxe4 dxe4 30. Qe3 f5 31. Kf2 Qg6 32. d5 Kg7 33. Qd4+ Qf6 34. Qxa7 Qxb2+ 35. Kg1 Qc1+ 36. Kh2 Qf4+ 37. g3 Qd2+ 38. Kg1 Qe1+ 39. Kg2 Qd2+ 40. Kg1 Qd1+ {Game drawn by mutual agreement} 1/2-1/2

[Event "FICS rated blitz game"]
[Site "FICS freechess.org"]
[FICSGamesDBGameNo "20003100"]
[White "teeny"]
[Black "hurk"]
[WhiteElo "1728"]
[BlackElo "1766"]
[WhiteRD "na"]
[BlackRD "na"]
[TimeControl "180+0"]
[Date "1999.10.26"]
[Time "13:23:00"]
[WhiteClock "0:03:00.000"]
[BlackClock "0:03:00.000"]
[ECO "C21"]
[PlyCount "103"]
[Result "1-0"]

1. e4 e5 2. d4 exd4 3. c3 d3 4. Bxd3 Nc6 5. Nf3 g6 6. O-O Bg7 7. Bg5 Nge7 8. Nbd2 O-O 9. Re1 d6 10. Qc2 Be6 11. Rad1 Qd7 12. Bb5 Rae8 13. e5 dxe5 14. Ne4 Qc8 15. Nf6+ Bxf6 16. Bxf6 Nd5 17. Bxc6 bxc6 18. Bxe5 Bf5 19. Qa4 f6 20. Bd4 Nb6 21. Qxc6 Bg4 22. Rxe8 Qxe8 23. Qxe8 Rxe8 24. Re1 Rxe1+ 25. Nxe1 Kf7 26. h3 Be6 27. a3 Nc4 28. Nd3 a6 29. g4 Bd5 30. b3 Nxa3 31. c4 Bb7 32. Nc5 Bc8 33. Kf1 Nc2 34. Bc3 f5 35. Ke2 fxg4 36. hxg4 Bxg4+ 37. Kd2 Bf5 38. Nxa6 c6 39. Nb8 Be4 40. f3 Bxf3 41. Kxc2 Ke6 42. Na6 h5 43. Nc5+ Kd6 44. Bb4 Kc7 45. Kd2 h4 46. Ke3 Bg4 47. Kf2 Bc8 48. Kg1 g5 49. Ne4 g4 50. Ng5 h3 51. Ba5+ Kd6 52. Ne4+ {Black forfeits on time} 1-0

[Event "FICS rated blitz game"]
[Site "FICS freechess.org"]
[FICSGamesDBGameNo "20003098"]
[White "Harrier"]
[Black "imaestro"]
[WhiteElo "1332"]
[BlackElo "1334"]
[WhiteRD "na"]
[BlackRD "na"]
[TimeControl "120+12"]
[Date "1999.10.26"]
[Time "12:55:00"]
[WhiteClock "0:02:00.000"]
[BlackClock "0:02:00.000"]
[ECO "B10"]
[PlyCount "34"]
[Result "0-1"]

1. e4 c6 2. Nf3 d5 3. exd5 cxd5 4. d4 Bg4 5. Be2 Nc6 6. O-O e6 7. Bf4 Nf6 8. Nbd2 Be7 9. c3 O-O 10. Ne5 Bxe2 11. Qxe2 Nxe5 12. Bxe5 Nd7 13. f4 f6 14. Qg4 fxe5 15. Qxe6+ Kh8 16. dxe5 Qb6+ 17. Kh1 Qxe6 {White resigns} 0-1

[Event "FICS rated blitz game"]
[Site "FICS freechess.org"]
[FICSGamesDBGameNo "20003097"]
[White "lga"]
[Black "ChessWorm"]
[WhiteElo "1258"]
[BlackElo "1205"]
[WhiteRD "na"]
[BlackRD "na"]
[TimeControl "120+12"]
[Date "1999.10.26"]
[Time "12:50:00"]
[WhiteClock "0:02:00.000"]
[BlackClock "0:02:00.000"]
[ECO "C50"]
[PlyCount "96"]
[Result "0-1"]

1. e4 e5 2. Bc4 Nc6 3. d3 Bc5 4. Nf3 d6 5. Ng5 Nh6 6. c3 O-O 7. h3 a6 8. Qh5 Qe7 9. O-O b5 10. Bd5 Bd7 11. Kh1 Rab8 12. f4 Rbe8 13. f5 Qf6 14. Nd2 Ne7 15. Bb3 Be3 16. Ndf3 Bxc1 17. Raxc1 Bc8 18. d4 Bb7 19. d5 Bc8 20. g4 Bd7 21. Nxh7 Kxh7 22. g5 g6 23. gxf6 gxh5 24. fxe7 Rxe7 25. f6 Ree8 26. Rg1 Bxh3 27. Ng5+ Kg6 28. Nxh3+ Kxf6 29. Rcf1+ Ke7 30. Rg7 Rh8 31. Ng5 Ref8 32. Ne6 Rc8 33. Rfxf7+ Nxf7 34. Ng5 Rcf8 35. Bd1 Kf6 36. Nxf7 Kxg7 37. Nxh8 Rxh8 38. Kh2 h4 39. Bg4 Kf6 40. Bh3 Kg5 41. Kg2 Kf4 42. Bf5 Rh5 43. Bh3 Rg5+ 44. Kf2 Rg3 45. Bf1 Rf3+ 46. Ke2 Rxf1 47. Kxf1 Kg3 48. Ke2 Kg2 {White resigns} 0-1

[Event "FICS rated blitz game"]
[Site "FICS freechess.org"]
[FICSGamesDBGameNo "20003096"]
[White "GTom"]
[Black "pixelhead"]
[WhiteElo "1217"]
[BlackElo "1423"]
[WhiteRD "na"]
[BlackRD "na"]
[TimeControl "120+10"]
[Date "1999.10.26"]
[Time "12:42:00"]
[WhiteClock "0:02:00.000"]
[BlackClock "0:02:00.000"]
[ECO "B57"]
[PlyCount "27"]
[Result "1-0"]

1. e4 c5 2. Nf3 Nc6 3. d4 cxd4 4. Nxd4 d6 5. Nc3 Bd7 6. Bc4 Nf6 7. f4 g6 8. O-O Bg7 9. Nf3 O-O 10. Re1 Rc8 11. Be3 a6 12. Bf2 Ng4 13. Bg3 Qb6+ 14. Kf1 {Black resigns} 1-0

[Event "FICS rated blitz game"]
[Site "FICS freechess.org"]
[FICSGamesDBGameNo "20003095"]
[White "ppd"]
[Black "GeneralManager"]
[WhiteElo "1573"]
[BlackElo "1632"]
[WhiteRD "na"]
[BlackRD "na"]
[TimeControl "180+0"]
[Date "1999.10.26"]
[Time "12:15:00"]
[WhiteClock "0:03:00.000"]
[BlackClock "0:03:00.000"]
[ECO "C01"]
[PlyCount "111"]
[Result "1-0"]

1. Nf3 e6 2. e4 d5 3. exd5 exd5 4. d4 Bd6 5. Be3 Nf6 6. Be2 O-O 7. Qd2 Bg4 8. Nc3 c6 9. h3 Bh5 10. g4 Bg6 11. g5 Ne4 12. Nxe4 Bxe4 13. h4 Nd7 14. O-O-O a5 15. Bd3 a4 16. Bxe4 dxe4 17. Ne5 Bxe5 18. dxe5 Nxe5 19. Bd4 Nf3 20. Qe3 Nxd4 21. Rxd4 Qa5 22. Rxe4 a3 23. Qxa3 Qxa3 24. bxa3 Rxa3 25. Kb2 Rfa8 26. Ra1 Rf3 27. Rf1 g6 28. c3 Rd8 29. Kc2 Ra8 30. Kb2 Rd8 31. Rd4 Re8 32. Rd7 Re2+ 33. Kb3 b5 34. Rc7 Re6 35. Kb4 Rf5 36. c4 bxc4 37. Kxc4 Kg7 38. Rd7 h6 39. gxh6+ Kxh6 40. Rd4 Kh5 41. Kc3 c5 42. Rc4 Ra6 43. a4 Rc6 44. f4 Rcf6 45. a5 Kxh4 46. Ra4 Ra6 47. Kc4 Kg3 48. Kb5 Kg4 49. Kxa6 c4 50. Kb6 Kh5 51. Rg1 Kh6 52. Rh1+ Kg7 53. Rf1 Rf6+ 54. Kb7 c3 55. a6 g5 56. a7 {Black forfeits on time} 1-0

[Event "FICS rated blitz game"]
[Site "FICS freechess.org"]
[FICSGamesDBGameNo "20003094"]
[White "KSKmaster"]
[Black "taglo"]
[WhiteElo "1555"]
[BlackElo "1362"]
[WhiteRD "na"]
[BlackRD "na"]
[TimeControl "300+0"]
[Date "1999.10.26"]
[Time "12:10:00"]
[WhiteClock "0:05:00.000"]
[BlackClock "0:05:00.000"]
[ECO "B52"]
[PlyCount "53"]
[Result "1-0"]

1. e4 c5 2. Nf3 d6 3. Bb5+ Bd7 4. Bxd7+ Qxd7 5. Nc3 Nf6 6. d3 g6 7. O-O Bg7 8. Bd2 O-O 9. Qc1 Re8 10. h3 Nc6 11. Bh6 Bh8 12. Nh2 Ne5 13. f4 Nc6 14. f5 Ne5 15. Ne2 b5 16. Nf4 c4 17. d4 Nc6 18. d5 Nd4 19. c3 g5 20. Bxg5 Nxf5 21. exf5 Qxf5 22. Bxf6 Qxf6 23. Ne6 Qh4 24. Nf3 Qg3 25. Nc7 e5 26. Qg5+ Qxg5 27. Nxg5 {Black resigns} 1-0

[Event "FICS rated blitz game"]
[Site "FICS freechess.org"]
[FICSGamesDBGameNo "20003093"]
[White "Gnatman"]
[Black "WhiteNoise"]
[WhiteElo "1417"]
[BlackElo "1486"]
[WhiteRD "na"]
[BlackRD "na"]
[TimeControl "180+0"]
[Date "1999.10.26"]
[Time "12:05:00"]
[WhiteClock "0:03:00.000"]
[BlackClock "0:03:00.000"]
[ECO "C02"]
[PlyCount "78"]
[Result "0-1"]

1. e4 d5 2. e5 e6 3. d4 c5 4. c3 Nc6 5. Bb5 Qb6 6. Bxc6+ bxc6 7. Qb3 Qxb3 8. axb3 cxd4 9. cxd4 c5 10. Be3 cxd4 11. Bxd4 Ne7 12. f4 Nc6 13. Be3 Be7 14. Nf3 O-O 15. Nc3 Bb4 16. O-O Rd8 17. Nb5 Ba6 18. Rxa6 Na5 19. Rxa7 Rxa7 20. Bxa7 Nxb3 21. Be3 Rb8 22. Nbd4 Bc5 23. Rd1 Rb4 24. Nc6 Bxe3+ 25. Kf1 Rc4 26. Rd3 Bxf4 27. Rxb3 g6 28. Ncd4 Bxe5 29. Nxe5 Rxd4 30. Rb8+ Kg7 31. b4 Kf6 32. Nf3 Rd1+ 33. Ke2 Rb1 34. b5 Ke7 35. b6 Kd6 36. Nd4 Kc5 37. Nf3 Rxb6 38. Rxb6 Kxb6 39. Ne5 f6 {White forfeits on time} 0-1

[Event "FICS rated blitz game"]
[Site "FICS freechess.org"]
[FICSGamesDBGameNo "20003092"]
[White "ABSBEGINNER"]
[Black "Tarp"]
[WhiteElo "1138"]
[BlackElo "1082"]
[WhiteRD "na"]
[BlackRD "na"]
[TimeControl "300+12"]
[Date "1999.10.26"]
[Time "11:48:00"]
[WhiteClock "0:05:00.000"]
[BlackClock "0:05:00.000"]
[ECO "B02"]
[PlyCount "79"]
[Result "1-0"]

1. e4 Nf6 2. Nc3 e6 3. d4 h6 4. e5 Bb4 5. exf6 Qxf6 6. Nf3 Bxc3+ 7. bxc3 Nc6 8. Bb5 a6 9. Bxc6 bxc6 10. Rb1 c5 11. O-O c4 12. Be3 d6 13. Rb4 g5 14. Rxc4 O-O 15. Rxc7 e5 16. dxe5 dxe5 17. Bc5 Rd8 18. Qe2 Bg4 19. Be7 Qb6 20. Bxd8 Qxc7 21. Bxc7 Rf8 22. Qxa6 f6 23. Rd1 e4 24. Rd8 exf3 25. Qc4+ Kg7 26. Rxf8 Kxf8 27. Qxg4 Kg7 28. Qxf3 Kg6 29. g3 Kh7 30. h4 Kg6 31. Qe4+ Kh5 32. g4+ Kxh4 33. Bg3+ Kh3 34. Qg2+ Kxg4 35. Bd6+ Kf5 36. Qd5+ Kg6 37. Qg8+ Kf5 38. Qh7+ Ke6 39. Bb4 f5 40. Qxh6+ {Black resigns} 1-0

[Event "FICS rated blitz game"]
[Site "FICS freechess.org"]
[FICSGamesDBGameNo "20003091"]
[White "misterd"]
[Black "KingPleasure"]
[WhiteElo "1334"]
[BlackElo "1745"]
[WhiteRD "na"]
[BlackRD "na"]
[TimeControl "240+0"]
[Date "1999.10.26"]
[Time "10:59:00"]
[WhiteClock "0:04:00.000"]
[BlackClock "0:04:00.000"]
[ECO "C90"]
[PlyCount "34"]
[Result "0-1"]

1. e4 e5 2. Nf3 Nc6 3. Bb5 a6 4. Ba4 d6 5. O-O Nf6 6. d3 Be7 7. c3 O-O 8. Nbd2 b5 9. Bb3 Na5 10. Bc2 c5 11. Re1 Qc7 12. Nf1 Bd7 13. d4 exd4 14. cxd4 Bg4 15. h3 Bxf3 16. Qxf3 cxd4 17. Ng3 Qxc2 {White resigns} 0-1

[Event "FICS rated blitz game"]
[Site "FICS freechess.org"]
[FICSGamesDBGameNo "20003090"]
[White "riton"]
[Black "DWisdom"]
[WhiteElo "1768"]
[BlackElo "1591"]
[WhiteRD "na"]
[BlackRD "na"]
[TimeControl "300+0"]
[Date "1999.10.26"]
[Time "10:35:00"]
[WhiteClock "0:05:00.000"]
[BlackClock "0:05:00.000"]
[ECO "C58"]
[PlyCount "70"]
[Result "0-1"]

1. e4 e5 2. Nf3 Nc6 3. Bc4 Nf6 4. Ng5 d5 5. exd5 Na5 6. Bb5+ c6 7. dxc6 bxc6 8. Qf3 Bb7 9. Ba4 h6 10. Ne4 Be7 11. d3 O-O 12. O-O c5 13. Nbc3 Nc6 14. Nxf6+ Bxf6 15. Bxc6 Bxc6 16. Qxc6 Rc8 17. Qf3 Be7 18. Qg3 Kh7 19. Qxe5 Bd6 20. Qe4+ Kh8 21. Bf4 Be7 22. Qe3 Re8 23. Bxh6 gxh6 24. Qxh6+ Kg8 25. Ne4 Qd5 26. Rae1 Rc6 27. Qf4 Qd7 28. Re3 Rg6 29. Rfe1 Kg7 30. Ng3 Bg5 31. Nf5+ Kh7 32. Qg4 Bxe3 33. Rxe3 Rxg4 34. h3 Rxe3 35. Nxe3 Rg6 {White resigns} 0-1

[Event "FICS rated blitz game"]
[Site "FICS freechess.org"]
[FICSGamesDBGameNo "20003089"]
[White "guidog"]
[Black "AlefZero(FM)"]
[WhiteElo "1897"]
[BlackElo "2045"]
[WhiteRD "na"]
[BlackRD "na"]
[TimeControl "180+0"]
[Date "1999.10.26"]
[Time "08:44:00"]
[WhiteClock "0:03:00.000"]
[BlackClock "0:03:00.000"]
[ECO "A51"]
[PlyCount "72"]
[Result "1/2-1/2"]

1. d4 Nf6 2. c4 e5 3. Nc3 exd4 4. Qxd4 Nc6 5. Qd1 Bc5 6. Nf3 O-O 7. Bg5 h6 8. Bh4 d6 9. e3 Be6 10. Bd3 Ne5 11. Nxe5 dxe5 12. O-O Be7 13. Qc2 c6 14. Rfd1 Qc7 15. Bf5 Bxc4 16. Bxf6 Bxf6 17. Ne4 Be6 18. Nxf6+ gxf6 19. Bxe6 fxe6 20. Qg6+ Qg7 21. Qxg7+ Kxg7 22. Rd7+ Rf7 23. Rad1 Rf8 24. R1d6 Rxd7 25. Rxd7+ Rf7 26. Rd6 Re7 27. b4 Kf7 28. Kf1 Rc7 29. Rd8 f5 30. Rh8 Kg7 31. Re8 Kf6 32. Rh8 Kg7 33. Re8 Kf7 34. Rh8 Kg7 35. Re8 Kf7 36. Rh8 Kg6 {Game drawn by repetition} 1/2-1/2

[Event "FICS rated blitz game"]
[Site "FICS freechess.org"]
[FICSGamesDBGameNo "20003088"]
[White "haka"]
[Black "friedl"]
[WhiteElo "1493"]
[BlackElo "1507"]
[WhiteRD "na"]
[BlackRD "na"]
[TimeControl "180+0"]
[Date "1999.10.26"]
[Time "08:29:00"]
[WhiteClock "0:03:00.000"]
[BlackClock "0:03:00.000"]
[ECO "B01"]
[PlyCount "65"]
[Result "1-0"]

1. e4 d5 2. exd5 Qxd5 3. Nc3 Qa5 4. d3 c6 5. Be2 Nf6 6. Nf3 Bg4 7. O-O e6 8. Re1 Be7 9. Bd2 Qc7 10. a3 Nbd7 11. b4 O-O-O 12. Qc1 h5 13. Ne4 Nxe4 14. dxe4 Nf6 15. e5 Ne4 16. Be3 h4 17. h3 Bf5 18. c4 Rd7 19. Qb2 g5 20. b5 cxb5 21. cxb5 g4 22. hxg4 h3 23. Rec1 h2+ 24. Kh1 Nxf2+ 25. Bxf2 Bxa3 26. Qxa3 Bxg4 27. b6 Qxc1+ 28. Rxc1+ Kd8 29. bxa7 Bxf3 30. Bxf3 Ke8 31. a8=Q+ Rd8 32. Rc8 Rxc8 33. Qxc8# {Black checkmated} 1-0